 Dungeon Crawl Stone Soup version 0.31-a0-152-g6aa68a64a1 (webtiles) character file.

Game seed: 15143361060063996372

53 qw the Shooter (level 3, -3/32 HPs)
             Began as a Naga Hunter on June 10, 2023.
             Slain by an orc
             ... wielding a +0 mace
              (5 damage)
             ... on level 3 of the Dungeon.
             The game lasted 00:00:25 (1379 turns).

qw the Shooter (Naga Hunter)                        Turns: 1379, Time: 00:00:25

Health: -3/32      AC:  2    Str: 13    XL:     3   Next: 87%
Magic:  3/3        EV:  9    Int:  9    God:
Gold:   98         SH:  0    Dex: 16    Spells: 2/2 levels left

rFire   . . .        f - +0 shortbow (heavy)
rCold   . . .        (shield currently unavailable)
rNeg    . . .        c - +0 leather armour
rPois   +            (no helmet)
rElec   .            (no cloak)
rCorr   .            (no gloves)
SInv    +            (no barding)
Will    .....        (no amulet)
Stlth   ++           (no ring)
HPRegen 0.25/turn    (no ring)
MPRegen 0.08/turn

%: no passive effects
@: about to teleport, very slow
A: AC +1, large, see invisible, deformed body, poison resistance, slowness 2,
spit poison 1, naga tail 1
a: Spit Poison


You were on level 3 of the Dungeon.
You visited 1 branch of the dungeon, and saw 3 of its levels.

You collected 98 gold pieces.


Innate Abilities, Weirdness & Mutations

Your serpentine skin is tough. (AC +1)
You have supernaturally acute eyesight. (SInv)
Armour fits poorly on your strangely shaped body.
Your system is resistant to poisons. (rPois)
You cover ground very slowly.
You can spit poison.
You have a snake-like lower body.


   Skills:
 - Level 2.0 Fighting
 + Level 4.9 Ranged Weapons
 - Level 1.5 Dodging
 - Level 1.5 Stealth


You had 2 spell levels left.
You didn't know any spells.
Your spell library was empty.

Inventory:

Hand Weapons
 f - a +0 heavy shortbow (weapon)
Armour
 c - a +0 leather armour (worn)
Jewellery
 a - an amulet of faith
Scrolls
 h - a scroll of teleportation
Potions
 b - a potion of degeneration {unknown}
 d - a potion of enlightenment {unknown}
 e - a potion of curing {unknown}
 g - 2 potions of attraction {unknown}
 i - a potion of haste {unknown}

Dungeon Overview and Level Annotations

Branches:
Dungeon (3/15)

Altars:


Message History

The splash of poison misses the adder.
The orc shouts!
You shoot an arrow. The arrow closely misses the adder.
The arrow hits the orc!
You kill the orc!
An orc comes into view. It is wielding a +0 mace.
You shoot an arrow. The arrow misses the adder.
You have got your breath back.
The adder bites you. x2; The adder bites you but does no damage.
1373 ||| INVOKING Spit Poison.
Aiming: Spit Poison (2% risk of failure)
Press: ? - help, Shift-Dir - straight line, f/p - adder The splash of poison misses the adder.
An endoplasm comes into view.
The adder bites you.
You shoot an arrow. The arrow hits the adder.
The adder is severely wounded.
The adder bites you. x2
You shoot an arrow. The arrow hits the adder!
You kill the adder!
You have got your breath back.
The orc hits you with a +0 mace.
The endoplasm jiggles.
1376 ||| INVOKING Spit Poison.
Aiming: Spit Poison (2% risk of failure)
Press: ? - help, Shift-Dir - straight line, f - orc The splash of poison hits the orc but does no damage.
The orc is poisoned.
The orc hits you with a +0 mace.
You shoot an arrow. The arrow barely misses the orc.
The arrow hits the endoplasm!
You kill the endoplasm!
The orc hits you but does no damage.
You shoot an arrow. The arrow completely misses the orc.
The orc hits you with a +0 mace! The orc hits you with a +0 mace.
1379 ||| READING 2 scrolls of teleportation.
As you read the scroll of teleportation, it crumbles to dust.
You feel strangely unstable.
You have got your breath back.
The orc hits you with a +0 mace.
You die...

.# #. # ###..# #.#####
#....# .....<. #.#..#
.......#########.#..#
.......@.........#..##
......o###.###.#.....#
......# #.# #.#...###
.).... #.# #.#...#
?...$ #.###.#...###
..... ###.#...#.....#
.... .......>#...#.#
.....
........#...#.#.#
..####.#...........#


You could see an orc (poisoned).

Vanquished Creatures
  2 adders (D:3)
  An orc (D:3)
  4 ball pythons
  3 endoplasms
  A giant cockroach (D:2)
  3 goblins
  5 hobgoblins
  3 kobolds
  A quokka (D:3)
  3 bats
  3 frilled lizards
  3 rats
32 creatures vanquished.

Notes
Turn   | Place    | Note
-------+----------+-------------------------------------------
     0 | D:1      | qw the Naga Hunter began the quest for the Orb.
     0 | D:1      | Reached XP level 1. HP: 19/19 MP: 1/1
     0 | D:1      | 0 ||| qw: Version: 0.2-a-122-gbc61b45
     0 | D:1      | 0 ||| qw: Game counter: 3658
     0 | D:1      | 0 ||| qw: Always use a shield: true
     0 | D:1      | 0 ||| qw: God list: Okawaru
     0 | D:1      | 0 ||| qw: Allow faded altars: false
     0 | D:1      | 0 ||| qw: Do Orc after D:15 true
     0 | D:1      | 0 ||| qw: Do second Lair branch before Depths: true
     0 | D:1      | 0 ||| qw: Lair rune preference: random
     0 | D:1      | 0 ||| qw: Plans: Normal
     0 | D:1      | 0 ||| PLANNING D:1-11
    33 | D:1      | 33 ||| INVOKING Spit Poison.
   113 | D:1      | 113 ||| INVOKING Spit Poison.
   182 | D:1      | 182 ||| INVOKING Spit Poison.
   185 | D:1      | 185 ||| INVOKING Spit Poison.
   227 | D:1      | 227 ||| INVOKING Spit Poison.
   231 | D:1      | 231 ||| INVOKING Spit Poison.
   254 | D:1      | Reached skill level 4 in Ranged Weapons
   254 | D:1      | Reached XP level 2. HP: 26/26 MP: 2/2
   266 | D:1      | 266 ||| INVOKING Spit Poison.
   272 | D:1      | 272 ||| INVOKING Spit Poison.
   278 | D:1      | 278 ||| INVOKING Spit Poison.
   302 | D:1      | 302 ||| INVOKING Spit Poison.
   312 | D:1      | 312 ||| INVOKING Spit Poison.
   635 | D:1      | 635 ||| READING scroll labelled KEID SEVOTTUIN.
   636 | D:1      | 636 ||| READING scroll labelled KIASOMMUOW.
   637 | D:1      | 637 ||| DROPPING scroll of butterflies.
   661 | D:2      | 661 ||| INVOKING Spit Poison.
   662 | D:2      | 662 ||| INVOKING Spit Poison.
   663 | D:2      | 663 ||| INVOKING Spit Poison.
   666 | D:2      | 666 ||| STAIRDANCE
   750 | D:2      | 750 ||| INVOKING Spit Poison.
   939 | D:2      | 939 ||| INVOKING Spit Poison.
   940 | D:2      | 940 ||| INVOKING Spit Poison.
  1019 | D:2      | 1019 ||| INVOKING Spit Poison.
  1020 | D:2      | Reached XP level 3. HP: 32/32 MP: 3/3
  1062 | D:2      | 1062 ||| INVOKING Spit Poison.
  1207 | D:2      | 1207 ||| READING 2 scrolls labelled PUDUKU GOHE.
  1210 | D:2      | 1210 ||| READING scroll labelled NIANOI ZUVE.
  1240 | D:3      | 1240 ||| INVOKING Spit Poison.
  1268 | D:3      | 1268 ||| INVOKING Spit Poison.
  1272 | D:3      | 1272 ||| INVOKING Spit Poison.
  1308 | D:3      | 1308 ||| INVOKING Spit Poison.
  1313 | D:3      | 1313 ||| INVOKING Spit Poison.
  1370 | D:3      | 1370 ||| INVOKING Spit Poison.
  1373 | D:3      | 1373 ||| INVOKING Spit Poison.
  1376 | D:3      | 1376 ||| INVOKING Spit Poison.
  1378 | D:3      | HP: 8/32 [orc/+0 mace (8)]
  1378 | D:3      | HP: 2/32 [orc/+0 mace (6)]
  1379 | D:3      | 1379 ||| READING 2 scrolls of teleportation.
  1379 | D:3      | Slain by an orc

Levels and vault maps discovered:
D:1:      dpeg_arrival_simpleton_a, layout_loops_ring, serial_bayou_ford_a
D:2:      layout_loops_ring
D:3:      layout_basic, mainiacjoe_overflow_swirl, minmay_surrounded

Skill      XL: |  1 |
---------------+----+-----
Ranged Weapons | 4 |  4.9
Fighting       | |  2.0
Dodging        | |  1.5
Stealth        | |  1.5

Action                     || total
---------------------------++-------
   Fire: Shortbow          ||    56
Ability: Spit Poison       ||    24
    Use: Scroll            ||     5
 Armour: Leather armour    ||     4
  Dodge: Dodged            ||     6

Table legend:
 A = Non-vault XP
 B = Vault XP
 C = Vault XP percentage of total XP
 D = Non-vault monster count
 E = Vault monster count
 F = Vault count percentage of total count
                 A         B        C        D         E       F
            +---------+---------+-------+---------+---------+-------
      Total |      76 |       0 |   0.0 |      32 |       0 |   0.0
            +---------+---------+-------+---------+---------+-------
        D:1 |      28 |       0 |   0.0 |      16 |       0 |   0.0
        D:2 |      10 |       0 |   0.0 |       7 |       0 |   0.0
        D:3 |      38 |       0 |   0.0 |       9 |       0 |   0.0
            +---------+---------+-------+---------+---------+-------
